 Dungeon Crawl Stone Soup version 0.30.0-19-g36f170ea60 (webtiles) character file.

Game seed: 5475977067754802735

2599 monsoonserge the Skirmisher (level 9, -4/68 HPs)
             Began as a Barachi Hexslinger on June 1, 2023.
             Slain by a cyan ugly thing (13 damage)
             ... on level 7 of the Dungeon.
             The game lasted 00:38:18 (6836 turns).

monsoonserge the Skirmisher (Barachi Hexslinger)    Turns: 6836, Time: 00:38:19

Health: -4/68      AC:  6    Str: 11    XL:     9   Next: 59%
Magic:  10/12      EV: 13    Int: 15    God:
Gold:   311        SH:  0    Dex: 16    Spells: 5/12 levels left

rFire   . . .        a - +2 sling
rCold   . . .        (no shield)
rNeg    . . .        y - +0 leather armour
rPois   .            I - +2 helmet {SInv}
rElec   .            (no cloak)
rCorr   .            (no gloves)
SInv    +            (no boots)
Will    .....        (no amulet)
Stlth   ++           w - +4 ring of slaying
HPRegen 0.31/turn    (no ring)
MPRegen 0.13/turn

%: no passive effects
@: about to teleport, studying Staves, slow
A: amphibious, slowness 1, strong legs 1, +LOS
a: Hop


You were on level 7 of the Dungeon.
You visited 1 branch of the dungeon, and saw 7 of its levels.

You collected 311 gold pieces.

Inventory:

Hand Weapons
 a - a +2 sling (weapon)
 q - a +0 dagger of electrocution
 H - a +0 dagger of venom
Missiles
 c - 13 poisoned darts
 n - 15 boomerangs
 J - 2 throwing nets
Armour
 t - a +0 ring mail
 y - a +0 leather armour (worn)
 G - a +2 chain mail of poison resistance
 I - a +2 helmet of see invisible (worn)
Jewellery
 w - a +4 ring of slaying (left hand)
Wands
 x - a wand of quicksilver (11)
 B - a wand of paralysis (7)
 C - a wand of polymorph (21)
 E - a wand of roots (7)
 K - a wand of mindburst (7)
Scrolls
 b - 2 scrolls of poison
 e - 4 scrolls of enchant weapon
 j - a scroll of noise {unknown}
 l - a scroll of vulnerability {unknown}
 m - a scroll of fog {unknown}
 o - 2 scrolls of butterflies
 p - 5 scrolls of teleportation
 u - 2 scrolls of torment {unknown}
 v - 2 scrolls of fear {unknown}
 D - 2 scrolls of identify {unknown}
Potions
 d - 9 potions of curing {unknown}
 f - 4 potions of heal wounds
 g - a potion of haste {unknown}
 h - 2 potions of lignification {unknown}
 i - 2 potions of degeneration {unknown}
 k - a potion of berserk rage {unknown}
 r - a potion of brilliance {unknown}
 s - a potion of ambrosia {unknown}
 z - 2 potions of mutation {unknown}
 A - a potion of resistance {unknown}
 F - a potion of might {unknown}


   Skills:
 + Level 5.4 Fighting
 + Level 9.1 Ranged Weapons
 + Level 4.0 Armour
 + Level 3.7 Dodging
 - Level 1.0 Stealth
 - Level 2.0 Spellcasting
 * Level 6.2 Hexes
 + Level 3.0 Translocations
 - Level 2.0 Evocations


You had 5 spell levels left.
You knew the following spells:

 Your Spells              Type           Power      Damage    Failure   Level
a - Slow                  Hex            80%        N/A       2%          1
b - Blink                 Tloc           20%        N/A       12%         2
c - Cause Fear            Hex            10%        N/A       22%         4

Your spell library contained the following spells:

 Spells                   Type           Power      Damage    Failure   Level
 Ensorcelled Hibernation  Hex/Ice        20%        N/A       12%         2
 Lesser Beckoning         Tloc           20%        N/A       12%         2
 Portal Projectile        Hex/Tloc       30%        N/A       13%         3
 Momentum Strike          Conj/Tloc      12%        3d8       22%         2
 Dazzling Flash           Conj/Hex       20%        N/A       24%         3
 Inner Flame              Hex/Fire       10%        N/A       24%         3
 Magic Dart               Conj           4%         1d3       28%         1
 Necrotise                Necr           4%         1d4       28%         1
 Call Imp                 Summ           2%         N/A       38%         2
 Anguish                  Hex/Necr       5%         N/A       61%         4
 Mephitic Cloud           Conj/Pois/Air  1%         N/A       63%         3
 Spider Form              Tmut/Pois      1%         N/A       63%         3
 Vampiric Draining        Necr           1%         2d6       63%         3
 Silence                  Hex/Air        5%         N/A       91%         5
 Agony                    Necr           1%         N/A       100%        5


Dungeon Overview and Level Annotations

Branches:
Dungeon (7/15)
 Temple: D:4-7

Altars:
Ashenzari
Elyvilon
Fedhas
Gozag
Okawaru
Sif Muna

Shops:
D:4 :

Annotations:
D:5 exclusion: oklob plant


Innate Abilities, Weirdness & Mutations

You are amphibious.
You cover ground slowly.
You can hop short distances.
You have an extended range of vision and can be seen from far away.


Message History

You hear the flapping of tiny wings.
The kobold demonologist is knocked back by the sudden gust.
The rust devil is knocked back by the sudden gust.
The cyan ugly thing is knocked back by the sudden gust.
It was a scroll of butterflies.
The cyan ugly thing misses your butterfly.
As you read the scroll labelled LOGOGOISUL, it crumbles to dust.
You feel strangely unstable.
It was a scroll of teleportation.
The kobold demonologist miscasts a cantrip.
The cyan ugly thing tentacle-slaps your butterfly!
Your butterfly dies!
Your butterfly disappears in a burst of colours!
The rust devil hits your butterfly!
Your butterfly dies!
Your butterfly disappears in a burst of colours!
Aiming: Quicksilver Bolt
Press: ? - help, Shift-Dir - straight line, f/p - kobold demonologist
Aim: a kobold demonologist, wielding a +0 dagger and wearing a +0 robe (heavily wounded, 60% to hit)
Really fire in your butterfly's direction?
The bolt of dispelling energy hits your butterfly!
You kill your butterfly!
Your butterfly disappears in a burst of colours!
The bolt of dispelling energy hits the kobold demonologist!
The kobold demonologist is almost dead.
The kobold demonologist mumbles some strange words.
Aiming: Quicksilver Bolt
Press: ? - help, Shift-Dir - straight line, f/p - kobold demonologist
Aim: a kobold demonologist, wielding a +0 dagger and wearing a +0 robe (almost dead, 60% to hit)
The bolt of dispelling energy hits the cyan ugly thing!
The cyan ugly thing is severely wounded.
The bolt of dispelling energy hits the kobold demonologist!
You kill the kobold demonologist!
The rust devil disappears in a puff of smoke!
The neqoxec disappears in a puff of smoke!
The red devil disappears in a puff of smoke!
An orc comes into view. It is wielding a +0 hand axe.
The cyan ugly thing tentacle-slaps you!
* * * LOW HITPOINT WARNING * * *
The cyan ugly thing shocks you!
You die...

#.#..#######
#<...........
###..########
#..# ### # #..#
... .#######..#
... ..........#
#.# ###.###...#
#..#@##..#.>.#
#.##u.#.#...#
#..#ยงยง)#....#
#.#o.##...#
#..##.#...#
###5###.....
#....$#..###.#
#.#####.## #
K.. ...


You could see a cyan ugly thing and an orc.

Vanquished Creatures
  A kobold demonologist (D:7)
  Grinder (D:4)
  A wyvern (D:7)
  A water moccasin (D:6)
  A black bear (D:5)
  3 ice beasts
  3 ogres
  4 phantoms
  A kobold brigand (D:6)
  A gnoll sergeant (D:7)
  3 scorpions
  2 hounds (D:7)
  3 orc priests
  2 gnoll boudas
  An iguana (D:5)
  3 jellies (D:5)
  3 sleepcaps
  Natasha (thrice) (D:4)
  5 orc wizards
  12 gnolls
  8 adders
  A shadow imp (D:7)
  3 dart slugs
  18 orcs
  9 bats
  7 endoplasms
  6 giant cockroaches
  4 goblins
  5 hobgoblins
  6 jackals
  4 quokkas
  8 ball pythons
  9 frilled lizards
  10 kobolds
  4 rats
156 creatures vanquished.

Notes
Turn   | Place    | Note
-------+----------+-------------------------------------------
     0 | D:1      | monsoonserge the Barachi Hexslinger began the quest for the
                  | Orb.
     0 | D:1      | Reached XP level 1. HP: 15/15 MP: 2/2
    75 | D:1      | Reached XP level 2. HP: 14/21 MP: 3/3
   423 | D:1      | Reached XP level 3. HP: 26/26 MP: 4/4
   639 | D:2      | Reached skill level 3 in Ranged Weapons
   824 | D:2      | Reached XP level 4. HP: 31/33 MP: 3/5
  1063 | D:2      | Reached skill level 4 in Ranged Weapons
  1364 | D:2      | Reached XP level 5. HP: 19/38 MP: 5/7
  1778 | D:3      | Found a white marble altar of Elyvilon.
  1943 | D:3      | Learned a level 2 spell: Blink
  2059 | D:3      | Found an opulent altar of Gozag.
  2105 | D:3      | Found an iron altar of Okawaru.
  2235 | D:4      | Noticed an ogre
  2305 | D:4      | Noticed a walking frostbound tome
  2307 | D:4      | Found Jorawn's Book Boutique.
  2308 | D:4      | Noticed a walking divine tome
  2330 | D:4      | Reached skill level 5 in Ranged Weapons
  2334 | D:4      | Reached XP level 6. HP: 21/44 MP: 8/8
  2439 | D:4      | Noticed Grinder
  2522 | D:4      | Reached skill level 1 in Translocations
  2594 | D:4      | Noticed Natasha
  2601 | D:4      | Killed Natasha
  2856 | D:3      | Reached XP level 7. HP: 20/51 MP: 6/10
  3263 | D:4      | Noticed Natasha
  3275 | D:4      | Killed Grinder
  3276 | D:4      | Reached skill level 6 in Ranged Weapons
  3283 | D:4      | Killed Natasha
  3358 | D:4      | Noticed Natasha
  3363 | D:4      | Killed Natasha
  3753 | D:5      | Entered Level 5 of the Dungeon
  3819 | D:5      | Found a broken altar of Ashenzari.
  3847 | D:5      | Reached skill level 1 in Stealth
  3847 | D:5      | Reached XP level 8. HP: 60/60 MP: 9/11
  3960 | D:5      | Reached skill level 1 in Armour
  4137 | D:5      | Reached skill level 7 in Ranged Weapons
  4269 | D:5      | Found a blossoming altar of Fedhas.
  4273 | D:5      | Reached skill level 5 in Hexes
  4400 | D:5      | Noticed an oklob plant
  4608 | D:5      | Reached skill level 1 in Evocations
  4798 | D:5      | Found a shimmering blue altar of Sif Muna.
  5534 | D:6      | Reached skill level 8 in Ranged Weapons
  5677 | D:6      | Reached XP level 9. HP: 66/66 MP: 10/12
  5682 | D:6      | Learned a level 4 spell: Cause Fear
  6425 | D:7      | Reached skill level 5 in Fighting
  6738 | D:7      | Reached skill level 9 in Ranged Weapons
  6809 | D:7      | Noticed a kobold demonologist
  6823 | D:7      | Noticed a cyan ugly thing
  6831 | D:7      | Noticed a rust devil
  6836 | D:7      | Noticed a red devil
  6836 | D:7      | Killed a kobold demonologist
  6836 | D:7      | Slain by a cyan ugly thing

Illustrated notes

Levels and vault maps discovered:
D:1:      amcnicky_arrival_choice, layout_rooms
D:2:      minmay_skewed_foursquare, layout_rooms,
          hangedman_abyss_or_decor_lesser_grid, minmay_fractal_squares_gapless_5
D:3:      layout_rooms, grunt_gozag_statues, nicolae_elyvilon_peaceful_grove,
          hellmonk_okawaru_the_only_friend_you_need
D:4:      layout_cave_pods, serial_shops, nicolae_shop_mannequins,
          kennysheep_generic_room_12, uniq_natasha, uniq_grinder
D:5:      layout_loops_cross, tgw_fedhas, tgw_sif,
          nicolae_overflow_crystal_walls
D:6:      layout_loops_ring, chequers_decorated_corner, minmay_manual_moon
D:7:      minmay_the_grid_square_5x5_3x3 [minmay_the_grid_square_5x5_meh,
          minmay_the_grid_square_5x5_misaligned,
          minmay_the_grid_square_5x5_forky, minmay_the_grid_square_5x5_n,
          minmay_the_grid_square_5x5_megaprize_diamond,
          minmay_the_grid_square_5x5_minimal,
          minmay_the_grid_square_5x5_gyroscope, minmay_the_grid_square_5x5_two,
          minmay_the_grid_square_5x5_almost_minimal], layout_loops_ring,
          old_standard_altar, overflow_temple_1_default,
          minmay_temple_entry_mist

Skill      XL: |  1  2  3  4  5  6  7  8  9 |
---------------+----------------------------+-----
Ranged Weapons | 3 4 5 6 8 9 |  9.1
Fighting       | 2 3 4 5 |  5.4
Spellcasting   | 2 |  2.0
Translocations | 1 2 3 |  3.0
Hexes          | 4 5 6 |  6.2
Stealth        | 1 |  1.0
Dodging        | 3 |  3.7
Armour         | 3 4 |  4.0
Evocations     | 1 2 |  2.0

Action                     |  1- 3 |  4- 6 |  7- 9 || total
---------------------------+-------+-------+-------++-------
   Fire: Sling             |   108 |   237 |   321 ||   666
   Cast: Slow              |    25 |    29 |    67 ||   121
         Blink             |       |       |     4 ||     4
         Cause Fear        |       |       |     1 ||     1
Ability: Hop               |     2 |     3 |     3 ||     8
  Evoke: Wand              |       |       |     8 ||     8
    Use: Potion            |       |     1 |       ||     1
         Scroll            |       |       |     3 ||     3
 Armour: Robe              |    15 |    31 |     2 ||    48
         Leather armour    |       |       |    43 ||    43
  Dodge: Dodged            |    56 |   100 |    88 ||   244
